 Dungeon Crawl Stone Soup version 0.28-a0-863-g8cecda6153 (webtiles) character file.

Game seed: 4621074961986064644

602 ytrimaz the Cutter (level 7, 0/55 HPs)
             Began as a Formicid Fighter on Nov 17, 2021.
             Slain by a centaur skeleton (2 damage)
             ... on level 5 of the Dungeon.
             The game lasted 00:03:34 (3373 turns).

ytrimaz the Cutter (Formicid Fighter)               Turns: 3373, Time: 00:03:34

Health: 0/55       AC:  0    Str: 23    XL:     7   Next: 69%
Magic:  7/7        EV: 13    Int:  7    God:
Gold:   159        SH:  0    Dex: 10    Spells: 6/6 levels left

rFire   . . .      SeeInvis .   (weapon currently unavailable)
rCold   . . .      Faith    .   (shield currently unavailable)
rNeg    . . .      Spirit   .   (armour currently unavailable)
rPois   .          Reflect  .   (helmet unavailable)
rElec   .          Harm     .   (cloak currently unavailable)
rCorr   .          Rampage  .   (gloves currently unavailable)
Will    .....                   (boots currently unavailable)
Stlth   +.........              (no amulet)
HPRegen 0.18/turn               (ring currently unavailable)
MPRegen 0.10/turn               (ring currently unavailable)

@: mighty, pig-form, flying, very quick
A: fast, no casting, permanent stasis, dig shafts and tunnels, small, (antennae
3), four strong arms, (large bone plates 1), high mp 1
a: no special abilities


You were on level 5 of the Dungeon.
You were a filthy swine.
You visited 1 branch of the dungeon, and saw 5 of its levels.

You collected 159 gold pieces.

Inventory:

Hand Weapons
 a - a +0 rapier of flaming (melded)
Missiles
 m - 7 poisoned darts
Armour
 b - a +1 scale mail (melded)
 n - the +0 buckler of Uskayaw's Supremacy (melded) {Str+2}
   (You found it on level 4 of the Dungeon)

   Str:       It affects your strength (+2).
Jewellery
 k - an amulet of the acrobat
Wands
 l - a wand of polymorph (6)
Scrolls
 i - a scroll of vulnerability
Potions
 e - 2 potions of attraction
 f - a potion of mutation
 h - 2 potions of lignification {unknown}


   Skills:
 + Level 4.5 Fighting
 * Level 6.4 Short Blades
 + Level 5.2 Armour
 - Level 3.6 Shields


You had 6 spell levels left.
You didn't know any spells.
Your spell library contained the following spells:

 Spells                   Type           Power      Damage    Failure   Level
 Summon Forest            Summ/Tloc      0%         N/A       100%        5
 Summon Mana Viper        Hex/Summ       0%         N/A       100%        5
 Summon Cactus Giant      Summ           0%         N/A       100%        6


Dungeon Overview and Level Annotations

Branches:
Dungeon (5/15)
 Temple: D:4-7

Altars:

Annotations:
D:5 Dowan


Innate Abilities, Weirdness & Mutations

You are a filthy swine.
You move quickly.
Your equipment is almost entirely melded.
You are incapable of wielding weapons or throwing items.
You cannot cast spells.
You cannot be hasted, slowed, berserked, paralysed or teleported.
You can dig through walls and to a lower floor.
((You have a pair of large antennae on your head. (SInv)))
Your four strong arms can wield two-handed weapons with a shield.
((You are partially covered in large bone plates. (SH +4)))
You have an increased reservoir of magic. (+10% MP)


Message History

The +0 buckler of Uskayaw's Supremacy {Str+2} melds into your body.
Your +1 scale mail melds into your body.
Your +0 rapier of flaming stops flaming.
You miss Dowan.
Dowan points at you and mumbles some strange words.
The shard of ice hits you!
* * * LOW HITPOINT WARNING * * *
The centaur skeleton hits you.
* * * LOW HITPOINT WARNING * * *
The centaur skeleton closely misses you.
You hit Dowan.
Dowan is moderately wounded.
Dowan hits you with a +0 dagger.
* * * LOW HITPOINT WARNING * * *
The centaur skeleton closely misses you.
The centaur skeleton completely misses you.
Unknown command.
You closely miss Dowan.
Dowan is moderately wounded.
Dowan hits you with a +0 dagger.
* * * LOW HITPOINT WARNING * * *
The centaur skeleton closely misses you.
The centaur skeleton kicks you.
* * * LOW HITPOINT WARNING * * *
You feel very mighty all of a sudden.
Dowan casts a spell.
Dowan blinks!
The centaur skeleton hits you.
* * * LOW HITPOINT WARNING * * *
The centaur skeleton misses you.
Dowan zaps a wand.
Unknown command.
You hit the centaur skeleton.
The centaur skeleton is moderately damaged.
The centaur skeleton hits you.
* * * LOW HITPOINT WARNING * * *
The centaur skeleton barely misses you.
Unknown command.
It was a potion of flight.
You feel very buoyant.
You fly up into the air.
The centaur skeleton hits you.
You die...

###### #....## ### #.....# .
#.. #####....### ...##..
#.#..h.....##
#......###.#)Ze......# ..##
#...........#.......# ...#
#.........###......## ###..#
............##....### ##.[.##
....................####.....##
.........###.........##.......#
....<.....#.......<............
#..............................


You could see Dowan (fast) and a centaur skeleton.

Vanquished Creatures
  Duvessa (D:5)
  A necrophage (D:4)
  A bullfrog (D:4)
  2 scorpions (D:4)
  A howler monkey (D:4)
  Natasha (thrice) (D:3)
  An iguana (D:4)
  4 adders
  2 ufetubi (D:4)
  An adder skeleton (D:4)
  A worm (D:4)
  2 orcs (D:4)
  7 endoplasms
  A giant cockroach (D:3)
  3 goblins
  5 hobgoblins
  7 jackals (D:2)
  A quokka (D:3)
  4 ball pythons
  2 bats
  2 frilled lizards (D:3)
  3 kobolds
  5 rats
60 creatures vanquished.

Notes
Turn   | Place    | Note
-------+----------+-------------------------------------------
     0 | D:1      | ytrimaz the Formicid Fighter began the quest for the Orb.
     0 | D:1      | Reached XP level 1. HP: 18/18 MP: 1/1
   225 | D:1      | Found a faded altar of an unknown god.
   399 | D:1      | Reached XP level 2. HP: 24/24 MP: 2/2
   628 | D:2      | Reached XP level 3. HP: 15/30 MP: 3/3
  1367 | D:2      | Reached skill level 3 in Short Blades
  1367 | D:2      | Reached XP level 4. HP: 20/37 MP: 4/4
  1742 | D:3      | Noticed Natasha
  1754 | D:3      | Killed Natasha
  1840 | D:3      | Noticed Natasha
  1851 | D:3      | Killed Natasha
  1852 | D:3      | Reached XP level 5. HP: 23/42 MP: 5/5
  1878 | D:3      | Noticed Natasha
  1893 | D:3      | Killed Natasha
  1894 | D:3      | Reached skill level 4 in Short Blades
  2362 | D:3      | Gained mutation: You have an increased reservoir of magic.
                  | (+10% MP) [potion of mutation]
  2362 | D:3      | Gained mutation: You are partially covered in large bone
                  | plates. (SH +4) [potion of mutation]
  2423 | D:4      | Noticed a bullfrog
  2442 | D:4      | Killed a bullfrog
  2443 | D:4      | Reached XP level 6. HP: 38/48 MP: 6/6
  2453 | D:4      | Reached skill level 5 in Short Blades
  2857 | D:4      | Reached XP level 7. HP: 51/55 MP: 7/7
  2978 | D:4      | Reached skill level 6 in Short Blades
  2978 | D:4      | Reached skill level 5 in Armour
  3272 | D:4      | Identified the +0 buckler of Uskayaw's Supremacy {Str+2}
  3307 | D:5      | Entered Level 5 of the Dungeon
  3341 | D:5      | Noticed Dowan
  3341 | D:5      | Noticed Duvessa
  3364 | D:5      | Killed Duvessa
  3372 | D:5      | HP: 1/55 [centaur skeleton (4)]
  3373 | D:5      | Slain by a centaur skeleton

Illustrated notes

Levels and vault maps discovered:
D:1:      dpeg_arrival_solitude, layout_rooms,
          hellmonk_ecumenical_altar_heavens_door
D:2:      layout_loops_cross
D:3:      layout_basic, chequers_hall_statues_corner_a, uniq_natasha
D:4:      layout_basic
D:5:      layout_cave_pools, nicolae_shop_fire_sale [nicolae_sub_dead_trees],
          nicolae_shop_gadgets, uniq_duvessa

Skill      XL: |  1  2  3  4  5  6  7 |
---------------+----------------------+-----
Short Blades   | 3 4 5 6 |  6.4
Armour         | 4 5 |  5.2
Fighting       | 4 |  4.5
Shields        | |  3.6

Action                   |  1- 3 |  4- 6 |  7- 9 || total
-------------------------+-------+-------+-------++-------
Melee: Rapier            |    89 |   113 |    38 ||   240
       Unarmed           |       |     3 |     4 ||     7
  Use: Scroll            |     1 |     5 |     1 ||     7
       Potion            |       |     1 |     2 ||     3
Armor: Scale mail        |    44 |    57 |    20 ||   121
Dodge: Dodged            |    50 |    47 |    20 ||   117
Block: Buckler           |    18 |    38 |    21 ||    77

Table legend: (Time is in decaauts)
 A = Elapsed time spent in this place.
 B = Non-inter-level travel time spent in this place.
 C = Inter-level travel time spent in this place.
 D = Time resting spent in this place.
 E = Time spent auto-exploring this place.
 F = Levels seen in this place.
 G = Mean time per level.
                   A        B        C        D        E       F      G
               +--------+--------+--------+--------+--------+-----+--------+
         Total |   3372 |   3252 |    120 |    582 |   2052 |   5 |  674.4 |
       Dungeon |   3372 |   3252 |    120 |    582 |   2052 |   5 |  674.4 |
               +--------+--------+--------+--------+--------+-----+--------+

Top non-repeatable levels by time:
     D:2: 1068 daAuts
     D:4: 930 daAuts
     D:3: 803 daAuts
     D:1: 507 daAuts
     D:5: 62 daAuts
